 Dungeon Crawl Stone Soup version 0.29.1-12-g30fa7ad0bf (webtiles) character file.

Game seed: 14534588749823051335

234 booth the Cleaver (level 6, 0/44 HPs)
             Began as a Gnoll Wanderer on Jan 15, 2023.
             Was a Believer of Ashenzari.
             Succumbed to a kobold brigand's poison
             ... on level 4 of the Dungeon.
             The game lasted 00:27:09 (3726 turns).

booth the Cleaver (Gnoll Wanderer)                  Turns: 3726, Time: 00:27:10

Health: 0/44       AC:  6    Str: 14    XL:     6   Next: 5%
Magic:  8/8        EV: 11    Int: 11    God:    Ashenzari [**....]
Gold:   269        SH:  5    Dex: 11    Spells: 6/8 levels left

rFire   . . .      SeeInvis +   q - +0 war axe "Seer of Ashenzari" {Alch, Elem} (curse)
rCold   . . .      Faith    .   (no shield)
rNeg    . . .      Spirit   .   c - +0 ring mail of the Ensconced Gnosis {Melee, Alch} (curse)
rPois   .          Reflect  +   (no helmet)
rElec   .          Harm     .   (no cloak)
rCorr   .          Rampage  .   (no gloves)
Will    .....                   (no boots)
Stlth   +.........              u - amulet of the Ruined Stickiness {Reflect SH+5, Fort, Cun} (curse)
HPRegen 0.14/turn               (no ring)
MPRegen 0.11/turn               (no ring)

@: lethally poisoned (0 -> -2), hasted, very quick
A: fangs 1, strong nose, distributed training
a: Renounce Religion, Shatter the Chains


You were on level 4 of the Dungeon.
You worshipped Ashenzari.
Ashenzari was pleased with you.
You visited 2 branches of the dungeon, and saw 5 of its levels.

You collected 269 gold pieces.

Inventory:

Hand Weapons
 a - a +2 hand axe
 b - a +0 sling
 f - a +0 mace
 k - a +0 eveningstar
 n - a +0 flail
 q - the cursed +0 war axe "Seer of Ashenzari" (weapon) {Alch, Elem}
   (You took it off an orc on level 3 of the Dungeon)

   It has a curse which improves the following skills: Alchemy: Poison Magic and
   Transmutations.
   Elements:  Fire Magic, Ice Magic, Air Magic and Earth Magic.
Missiles
 l - a throwing net (quivered)
 o - 2 boomerangs
Armour
 c - the cursed +0 ring mail of the Ensconced Gnosis (worn) {Melee, Alch}

   It has a curse which improves the following skills: Melee Combat: Short
   Blades, Long Blades, Axes, Maces & Flails, Polearms, Staves and Unarmed
   Combat.
   Alchemy:   Poison Magic and Transmutations.
Jewellery
 u - the cursed amulet of the Ruined Stickiness (around neck) {Reflect SH+5, Fort, Cun}
   (You found it on level 3 of the Dungeon)

   [amulet of reflection]

   It reflects blocked missile attacks.
   SH:        It affects your SH (+5).
   It has a curse which improves the following skills: Fortitude: Armour and
   Shields.
   Cunning:   Dodging and Stealth.
Scrolls
 d - 4 scrolls of teleportation
 e - a scroll of identify
 h - a scroll of silence
 j - a scroll of blinking
 m - a scroll of poison
Potions
 g - a potion of flight
 i - 2 potions of mutation
 s - a potion of haste


   Skills:
 + Level 1.8 Fighting
 + Level 1.8(2.7) Short Blades
 + Level 1.8(2.7) Long Blades
 + Level 8.7(10.0) Axes
 + Level 1.8(2.7) Maces & Flails
 + Level 1.8(2.7) Polearms
 + Level 1.8(2.7) Staves
 + Level 6.8 Ranged Weapons
 + Level 1.8 Throwing
 + Level 6.8(8.1) Armour
 + Level 1.8(2.7) Dodging
 + Level 1.8(2.7) Stealth
 + Level 1.8(2.7) Shields
 + Level 1.8(2.7) Unarmed Combat
 + Level 1.8 Spellcasting
 + Level 1.4 Conjurations
 + Level 1.4 Hexes
 + Level 1.4 Summonings
 + Level 1.4 Necromancy
 + Level 1.4 Translocations
 + Level 1.4(2.7) Transmutations
 + Level 1.4(2.3) Fire Magic
 + Level 1.4(2.3) Ice Magic
 + Level 1.4(2.3) Air Magic
 + Level 1.4(2.3) Earth Magic
 + Level 1.4(2.7) Poison Magic
 + Level 2.0 Invocations
 + Level 1.8 Evocations


You had 6 spell levels left.
You knew the following spells:

 Your Spells              Type           Power      Damage    Failure   Level
a - Summon Small Mammal   Summ           16%        N/A       28%         1
b - Foxfire               Conj/Fire      20%        2x1d5     24%         1

Your spell library contained the following spells:

 Spells                   Type           Power      Damage    Failure   Level
 Necrotise                Necr           16%        1d4       28%         1
 Call Canine Familiar     Summ           4%         N/A       65%         3
 Summon Guardian Golem    Hex/Summ       4%         N/A       65%         3
 Anguish                  Hex/Necr       2%         N/A       96%         4
 Animate Dead             Necr           4%         N/A       96%         4
 Borgnjor's Vile Clutch   Necr/Erth      2%         N/A       100%        5
 Summon Mana Viper        Hex/Summ       4%         N/A       100%        5
 Death Channel            Necr           2%         N/A       100%        6


Dungeon Overview and Level Annotations

Branches:
Dungeon (4/15)             Temple (1/1) D:4

Altars:
Ashenzari
Dithmenos
Fedhas
Kikubaaqudgha
Nemelex Xobeh
Trog
Vehumet


Innate Abilities, Weirdness & Mutations

You have very sharp teeth.
Your uncanny sense of smell can sniff out nearby items.
Your experience applies equally to all skills.


Message History

The kobold brigand hits you with a +0 dagger.
You barely miss the kobold brigand.
The kobold brigand is heavily wounded.
The kobold brigand barely misses you.
You completely miss the kobold brigand.
The kobold brigand is heavily wounded.
The kobold brigand hits you with a +0 dagger.
You slash the kobold brigand!
The kobold brigand is severely wounded.
The kobold brigand hits you but does no damage.
You completely miss the kobold brigand.
The kobold brigand is severely wounded.
The kobold brigand hits you with a +0 dagger.
You barely miss the kobold brigand.
The kobold brigand is severely wounded.
The kobold brigand hits you with a +0 dagger!
* * * LOW HITPOINT WARNING * * *
You barely miss the kobold brigand.
The kobold brigand is severely wounded.
The kobold brigand hits you with a +0 dagger.
* * * LOW HITPOINT WARNING * * *
You feel yourself speed up. The kobold brigand barely misses you.
The kobold brigand throws a poisoned dart.
The poisoned dart hits you!
You are lethally poisoned!
* * * LOW HITPOINT WARNING * * *
You feel sick.
* * * LOW HITPOINT WARNING * * *
You feel sick.
The kobold brigand throws a poisoned dart.
You reflect the poisoned dart off an invisible shield around you!
The poisoned dart hits the kobold brigand!
The kobold brigand is poisoned.
* * * LOW HITPOINT WARNING * * *
You feel sick.
* * * LOW HITPOINT WARNING * * *
You feel sick.
The kobold brigand throws a poisoned dart.
The poisoned dart closely misses you.
You die...

.# #.# .# #.#
.#################K#
...........>.....#.#
###.#######.####.#.#
#.#######.####.#.#
...............#.#
##.#######.######.######
.......>.[.....@.......#
.##.#######.######.####.#
. ... ,...# #.# , ###.#
#.# * ,** , #.# #.# * ,
#.# #.# , * #.# #.# ,* ,
**..# #.# ,


There were no monsters in sight!

Vanquished Creatures
  A scorpion (D:4)
  An orc priest (D:4)
  An orc wizard (D:3)
  2 adders (D:2)
  3 worms
  3 dart slugs (D:1)
  7 orcs
  6 endoplasms
  3 giant cockroaches
  4 goblins
  5 hobgoblins
  6 kobolds
  4 quokkas
  7 ball pythons
  7 bats
  2 frilled lizards
  14 rats
76 creatures vanquished.

Vanquished Creatures (collateral kills)
  An orc (D:3)
1 creature vanquished.

Grand Total: 77 creatures vanquished

Notes
Turn   | Place    | Note
-------+----------+-------------------------------------------
     0 | D:1      | booth the Gnoll Wanderer began the quest for the Orb.
     0 | D:1      | booth set off with the following items: a +2 hand axe, a +0
                  | sling, a +0 ring mail, a scroll of teleportation.
     0 | D:1      | Reached XP level 1. HP: 13/13 MP: 1/1
   449 | D:1      | Reached XP level 2. HP: 17/19 MP: 2/2
   700 | D:1      | Learned a level 1 spell: Summon Small Mammal
   895 | D:1      | Reached XP level 3. HP: 23/25 MP: 3/3
  1051 | D:1      | Found a faded altar of an unknown god.
  1063 | D:1      | Got Plato's Precepts of Attacks
  1064 | D:1      | Prayed at the altar of an unknown god.
  1064 | D:1      | Became a worshipper of Ashenzari the Shackled
  1322 | D:2      | Reached skill level 1 in Invocations
  1621 | D:2      | Reached skill level 1 in Fighting
  1621 | D:2      | Reached skill level 1 in Short Blades
  1621 | D:2      | Reached skill level 1 in Long Blades
  1621 | D:2      | Reached skill level 1 in Maces & Flails
  1621 | D:2      | Reached skill level 1 in Polearms
  1621 | D:2      | Reached skill level 1 in Staves
  1621 | D:2      | Reached skill level 1 in Throwing
  1621 | D:2      | Reached skill level 1 in Dodging
  1621 | D:2      | Reached skill level 1 in Stealth
  1621 | D:2      | Reached skill level 1 in Shields
  1621 | D:2      | Reached skill level 1 in Unarmed Combat
  1621 | D:2      | Reached skill level 1 in Spellcasting
  1621 | D:2      | Reached skill level 1 in Evocations
  1720 | D:2      | Reached XP level 4. HP: 30/32 MP: 5/5
  2111 | D:3      | Found a radiant altar of Vehumet.
  2157 | D:3      | Reached skill level 1 in Conjurations
  2157 | D:3      | Reached skill level 1 in Hexes
  2157 | D:3      | Reached skill level 1 in Summonings
  2157 | D:3      | Reached skill level 1 in Necromancy
  2157 | D:3      | Reached skill level 1 in Translocations
  2157 | D:3      | Reached skill level 1 in Transmutations
  2157 | D:3      | Reached skill level 1 in Fire Magic
  2157 | D:3      | Reached skill level 1 in Ice Magic
  2157 | D:3      | Reached skill level 1 in Air Magic
  2157 | D:3      | Reached skill level 1 in Earth Magic
  2157 | D:3      | Reached skill level 1 in Poison Magic
  2265 | D:3      | Learned a level 1 spell: Foxfire
  2280 | D:3      | Reached XP level 5. HP: 32/37 MP: 7/7
  2331 | D:3      | Reached * piety under Ashenzari
  2363 | D:3      | Found a bloodstained altar of Trog.
  2443 | D:3      | Identified the Compendium of Vile Beckoning
  3115 | D:4      | Found a shadowy altar of Dithmenos.
  3343 | D:4      | Reached ** piety under Ashenzari
  3378 | D:4      | Found a staircase to the Ecumenical Temple.
  3393 | D:4      | Reached XP level 6. HP: 7/44 MP: 8/8
  3661 | Temple   | Entered the Ecumenical Temple
  3723 | D:4      | HP: 2/44 [poisoned by a kobold brigand]
  3726 | D:4      | Succumbed to a kobold brigand's poison

Illustrated notes

Levels and vault maps discovered:
D:1:      dpeg_arrival_three_smaller_balls, layout_basic,
          shapermc_ecumenical_altar_rom_forum
D:2:      layout_rooms, minmay_rat_gold_closets
D:3:      layout_basic, trog_butcher_becter, nicolae_vehumet_altar_sigil
D:4:      layout_basic, nicolae_dithmenos_through_a_glass_darkly,
          pdpol_wu_jian_five_deadly_venoms, minmay_temple_entry_proselytizer
Temple:   hellmonk_temple_rainy

Skill      XL: |  1  2  3  4  5 |
---------------+----------------+-----
Invocations    | 1 2 |  2.0
Fighting       | 1 |  1.8
Short Blades   | 1 |  1.8
Long Blades    | 1 |  1.8
Maces & Flails | 1 |  1.8
Polearms       | 1 |  1.8
Staves         | 1 |  1.8
Throwing       | 1 |  1.8
Dodging        | 1 |  1.8
Stealth        | 1 |  1.8
Shields        | 1 |  1.8
Unarmed Combat | 1 |  1.8
Spellcasting   | 1 |  1.8
Evocations     | 1 |  1.8
Conjurations   | 1 |  1.4
Hexes          | 1 |  1.4
Summonings     | 1 |  1.4
Necromancy     | 1 |  1.4
Translocations | 1 |  1.4
Transmutations | 1 |  1.4
Fire Magic     | 1 |  1.4
Ice Magic      | 1 |  1.4
Air Magic      | 1 |  1.4
Earth Magic    | 1 |  1.4
Poison Magic   | 1 |  1.4
Axes           | |  8.7
Ranged Weapons | |  6.8
Armour         | |  6.8

Action                   |  1- 3 |  4- 6 || total
-------------------------+-------+-------++-------
Melee: Hand axe          |    90 |    57 ||   147
       Bite              |     5 |     4 ||     9
       Punch             |     2 |     1 ||     3
       War axe           |       |    83 ||    83
Throw: Dart              |       |     3 ||     3
       Boomerang         |       |     1 ||     1
 Cast: Summon Small Mamm |     1 |     5 ||     6
Invok: Curse Item        |     1 |     2 ||     3
  Use: Scroll            |     1 |       ||     1
       Potion            |       |     4 ||     4
 Stab: Distracted        |       |     1 ||     1
Armor: Ring mail         |    13 |    45 ||    58
Dodge: Dodged            |    28 |    64 ||    92
Block: Other             |       |    11 ||    11
       Reflection        |       |     2 ||     2
